[Event "1st Chartres GM 2020"]
[Site "Chartres"]
[Date "2020.10.02"]
[Round "6.2"]
[White "Guliyev, Namig"]
[Black "Lamard, Guillaume"]
[Result "1/2-1/2"]
[ECO "B15"]
[WhiteElo "2529"]
[BlackElo "2486"]
[Annotator "ChessBase"]
[PlyCount "180"]
[EventDate "2020.09.30"]
[EventType "tourn"]
[EventCountry "FRA"]
[SourceTitle "playchess.com"]
[Source "ChessBase"]
[SourceQuality "1"]
[TimeControl "5400+30"]

1. e4 c6 2. d4 d5 3. Nc3 dxe4 4. Nxe4 Nf6 5. Nxf6+ exf6 6. c3 Bd6 7. Bd3 O-O 8. Ne2 Re8 9. Qc2 h5 10. O-O h4 11. h3 Nd7 12. Bf4 Nf8 13. Qd2 Ng6 14. Bxd6 Qxd6 15. Rfe1 Be6 16. c4 Rad8 17. Rad1 Qc7 18. b3 a6 19. Bc2 b5 20. Qc3 Qc8 21. d5 cxd5 22. Bxg6 fxg6 23. c5 Qc7 24. Nd4 Bc8 25. Rxe8+ Rxe8 26. a4 bxa4 27. bxa4 g5 28. c6 g4 29. hxg4 Bxg4 30. Re1 Rxe1+ 31. Qxe1 Kf7 32. Qb4 Qe5 33. Qc3 Bc8 34. c7 g5 35. Qc2 Qe1+ 36. Kh2 Qe5+ 37. Kg1 Kg7 38. Nf3 Qd6 39. Qc3 Kh6 40. a5 Kh5 41. Qc2 Kh6 42. Qb2 Qf4 43. Qb8 Qc1+ 44. Kh2 Qf4+ 45. Kh1 Qg4 46. Qb6 Kg7 47. Qe3 Kf7 48. Nd4 Qe4 49. Qd2 h3 50. f3 Qe5 51. gxh3 Qxc7 52. h4 Qg3 53. hxg5 Qh4+ 54. Kg1 Qxg5+ 55. Qxg5 fxg5 56. Kf2 Kf6 57. Ke3 Ke5 58. Nb3 Bd7 59. Nd4 Kd6 60. Kd3 Kc5 61. Kc3 Bh3 62. Ne2 Bf1 63. Nd4 Bh3 64. Ne2 Be6 65. Nd4 Bc8 66. Kd3 Bh3 67. Kc3 Kd6 68. Kd3 Ke5 69. Ke3 Bf1 70. Nc6+ Kd6 71. Nd8 Ke7 72. Nc6+ Ke6 73. Nd8+ Kf5 74. Nc6 Bc4 75. Nd4+ Ke5 76. Nc6+ Kd6 77. Nd8 Kd7 78. Nb7 Kc7 79. Nc5 Kd6 80. Kd4 Be2 81. Nb7+ Kc7 82. Nc5 Kd6 83. Nb7+ Kc6 84. Nd8+ Kb5 85. Ne6 Bxf3 86. Nxg5 Bg2 87. Ne6 Kxa5 88. Nf4 Be4 89. Nxd5 Bxd5 90. Kc3 Ka4 1/2-1/2

[Event "1st Chartres GM 2020"]
[Site "Chartres"]
[Date "2020.10.02"]
[Round "6.3"]
[White "David, Alberto"]
[Black "Stephan, Victor"]
[Result "1-0"]
[ECO "D40"]
[WhiteElo "2507"]
[BlackElo "2439"]
[Annotator "ChessBase"]
[PlyCount "119"]
[EventDate "2020.09.30"]
[EventType "tourn"]
[EventCountry "FRA"]
[SourceTitle "playchess.com"]
[Source "ChessBase"]
[SourceQuality "1"]
[TimeControl "5400+30"]

1. d4 Nf6 2. c4 e6 3. Nc3 c5 4. e3 d5 5. Nf3 a6 6. cxd5 exd5 7. g3 Nc6 8. Bg2 Bd6 9. dxc5 Bxc5 10. O-O O-O 11. h3 h6 12. b3 d4 13. exd4 Nxd4 14. Be3 Nxf3+ 15. Qxf3 Bxe3 16. Qxe3 Re8 17. Rfd1 Bd7 18. Qd4 Bc6 19. Qxd8 Raxd8 20. Bxc6 bxc6 21. Kf1 Kf8 22. Rac1 Ke7 23. Ne2 c5 24. Rxd8 Rxd8 25. Rxc5 Rd1+ 26. Kg2 Rd2 27. Nc3 g5 28. Rc7+ Ke6 29. Rc6+ Rd6 30. Rc5 Rd3 31. Kf1 Kd6 32. Rc4 Ke5 33. Ke2 Rd6 34. Rc7 Nd7 35. Nd1 f5 36. Ne3 Kf6 37. f4 gxf4 38. gxf4 Nf8 39. Rc5 Ne6 40. Rxf5+ Kg6 41. Kf2 Rd2+ 42. Kg3 Rxa2 43. Rd5 Kf7 44. Ng4 Rg2+ 45. Kh4 Ke7 46. Re5 Kd6 47. Re4 Rb2 48. b4 Kd5 49. Nf6+ Kd6 50. Ng4 Kd5 51. Re5+ Kd6 52. f5 Nd4 53. Ra5 Rxb4 54. Rxa6+ Ke7 55. f6+ Kf8 56. Ra8+ Kf7 57. Ra7+ Kf8 58. Kh5 Nf5 59. Ne5 Ng3+ 60. Kg6 1-0

[Event "1st Chartres GM 2020"]
[Site "Chartres"]
[Date "2020.10.02"]
[Round "6.5"]
[White "Vlachos, Anatole"]
[Black "Loiseau, Quentin"]
[Result "1/2-1/2"]
[ECO "A07"]
[WhiteElo "2437"]
[BlackElo "2457"]
[Annotator "ChessBase"]
[PlyCount "32"]
[EventDate "2020.09.30"]
[EventType "tourn"]
[EventCountry "FRA"]
[SourceTitle "playchess.com"]
[Source "ChessBase"]
[SourceQuality "1"]
[TimeControl "5400+30"]

1. Nf3 d5 2. g3 g6 3. Bg2 Bg7 4. O-O e5 5. d3 Ne7 6. e4 O-O 7. Re1 Nbc6 8. c3 h6 9. b4 dxe4 10. dxe4 Qxd1 11. Rxd1 Be6 12. a4 Rfd8 13. Rxd8+ Rxd8 14. Nbd2 Nc8 15. Ne1 Nd6 16. Nc2 f5 1/2-1/2

[Event "1st Chartres GM 2020"]
[Site "Chartres"]
[Date "2020.10.03"]
[Round "7.1"]
[White "Maurizzi, Marc Andria"]
[Black "David, Alberto"]
[Result "1/2-1/2"]
[ECO "A47"]
[WhiteElo "2433"]
[BlackElo "2520"]
[Annotator "ChessBase"]
[PlyCount "47"]
[EventDate "2020.09.30"]
[EventType "tourn"]
[EventCountry "FRA"]
[SourceTitle "playchess.com"]
[Source "ChessBase"]
[SourceQuality "1"]
[TimeControl "5400+30"]

1. d4 Nf6 2. Nf3 e6 3. Bf4 b6 4. Nbd2 Bb7 5. e3 Be7 6. Bd3 c5 7. c3 cxd4 8. exd4 d6 9. O-O O-O 10. Re1 Nd5 11. Bg3 Nd7 12. Qc2 h6 13. Rad1 N5f6 14. Nc4 Nh5 15. Bxd6 Bxd6 16. Nxd6 Bxf3 17. gxf3 Qg5+ 18. Kh1 Qf4 19. Ne4 Qxf3+ 20. Kg1 Nf4 21. Bf1 Qg4+ 22. Kh1 Qf3+ 23. Kg1 Qg4+ 24. Kh1 1/2-1/2

[Event "1st Chartres GM 2020"]
[Site "Chartres"]
[Date "2020.10.03"]
[Round "7.2"]
[White "Loiseau, Quentin"]
[Black "Dardha, Daniel"]
[Result "1/2-1/2"]
[ECO "B35"]
[WhiteElo "2457"]
[BlackElo "2468"]
[Annotator "ChessBase"]
[PlyCount "55"]
[EventDate "2020.09.30"]
[EventType "tourn"]
[EventCountry "FRA"]
[SourceTitle "playchess.com"]
[Source "ChessBase"]
[SourceQuality "1"]
[TimeControl "5400+30"]

1. e4 c5 2. Nf3 Nc6 3. Nc3 Nf6 4. d4 cxd4 5. Nxd4 g6 6. Be3 Bg7 7. Bc4 Qa5 8. O-O O-O 9. Nb3 Qc7 10. Be2 b6 11. f4 Bb7 12. e5 Ne8 13. Nb5 Qd8 14. Bg4 d6 15. exd6 a6 16. d7 axb5 17. dxe8=R Qxe8 18. c3 b4 19. Bxb6 bxc3 20. bxc3 Ba6 21. Rf2 Qb8 22. Be3 Rd8 23. Qe1 Qc7 24. Bf3 Bc4 25. Rc1 e5 26. Bxc6 Qxc6 27. fxe5 Bxe5 28. Bd4 1/2-1/2

[Event "1st Chartres GM 2020"]
[Site "Chartres"]
[Date "2020.10.03"]
[Round "7.4"]
[White "Stephan, Victor"]
[Black "Duboue, Peio"]
[Result "1-0"]
[ECO "D27"]
[WhiteElo "2439"]
[BlackElo "2439"]
[Annotator "ChessBase"]
[PlyCount "191"]
[EventDate "2020.09.30"]
[EventType "tourn"]
[EventCountry "FRA"]
[SourceTitle "playchess.com"]
[Source "ChessBase"]
[SourceQuality "1"]
[TimeControl "5400+30"]

1. d4 d5 2. c4 dxc4 3. Nf3 Nf6 4. e3 e6 5. Bxc4 a6 6. O-O c5 7. dxc5 Qxd1 8. Rxd1 Bxc5 9. Nfd2 O-O 10. Nb3 Be7 11. Be2 Nc6 12. Nc3 b5 13. f3 Rd8 14. e4 Rxd1+ 15. Bxd1 e5 16. Be3 Be6 17. Be2 Nb4 18. Bc5 Kf8 19. Bxe7+ Kxe7 20. Nc5 Rc8 21. Nxe6 fxe6 22. Kf2 Ne8 23. a4 Nc2 24. Rc1 Nd4 25. axb5 axb5 26. Nd5+ Kd8 27. Rxc8+ Kxc8 28. Nb4 Kc7 29. g3 Kb6 30. Nd3 Nc6 31. Bf1 Nc7 32. Bh3 Ka5 33. Nc5 Nd8 34. Nd3 Nc6 35. Ke3 b4 36. Nc5 Nd8 37. Bf1 h6 38. Bc4 g5 39. h4 Ne8 40. Nd3 Nd6 41. Bb3 N6f7 42. Nc5 Kb5 43. Nxe6 Nxe6 44. Bxe6 Nd6 45. Bd5 Kc5 46. Ba2 Ne8 47. h5 Nf6 48. Bf7 Kd6 49. f4 gxf4+ 50. gxf4 Ng4+ 51. Kf3 Nf6 52. Bg6 Nd7 53. Kg4 Ke7 54. Kf5 exf4 55. Kxf4 Kf6 56. Be8 Ne5 57. Bb5 Nf7 58. Bc4 Ne5 59. Be2 Nf7 60. Bc4 Ne5 61. Bb5 Nf7 62. Be2 Ne5 63. Ke3 Ke6 64. Kd4 Kd6 65. Bb5 Nf3+ 66. Ke3 Ng5 67. Kd3 Nf3 68. Be8 Ne5+ 69. Kd4 Nf3+ 70. Kc4 Nd2+ 71. Kd3 Nf3 72. Ba4 Ne5+ 73. Kd4 Nf3+ 74. Kc4 Nd2+ 75. Kd3 Nf3 76. Bc2 Kc5 77. Ke3 Nd4 78. Bd1 Nc6 79. Kf4 Kd4 80. Bc2 Ne5 81. Kf5 Nc4 82. Kg6 Ne3 83. Kxh6 Nxc2 84. Kg7 Ne1 85. h6 Nd3 86. h7 Nxb2 87. h8=Q Nd3 88. Kf7+ Kxe4 89. Ke6 b3 90. Qc3 b2 91. Qc2 Ke3 92. Kd7 Nc5+ 93. Qxc5+ Kd2 94. Qd4+ Kc2 95. Qc4+ Kd2 96. Qb3 1-0

[Event "1st Chartres GM 2020"]
[Site "Chartres"]
[Date "2020.10.03"]
[Round "7.5"]
[White "Lamard, Guillaume"]
[Black "Vlachos, Anatole"]
[Result "1-0"]
[ECO "B30"]
[WhiteElo "2486"]
[BlackElo "2437"]
[Annotator "ChessBase"]
[PlyCount "123"]
[EventDate "2020.09.30"]
[EventType "tourn"]
[EventCountry "FRA"]
[SourceTitle "playchess.com"]
[Source "ChessBase"]
[SourceQuality "1"]
[TimeControl "5400+30"]

1. e4 c5 2. Nf3 Nc6 3. Bb5 Nf6 4. Nc3 Qc7 5. O-O a6 6. Bxc6 dxc6 7. d3 e5 8. a4 Bg4 9. h3 Bh5 10. Qe2 O-O-O 11. Bg5 Be7 12. Qe3 Qd6 13. a5 h6 14. Bxf6 Qxf6 15. Nd2 Qg5 16. Nc4 f6 17. Na4 Bf7 18. Ra3 Kb8 19. Nab6 Be6 20. Raa1 Qxe3 21. Nxe3 h5 22. Nbc4 h4 23. b3 Rh5 24. f4 exf4 25. Rxf4 Rd7 26. Nf5 g5 27. Rf2 Bd8 28. Nfe3 Rh6 29. Raf1 Rdh7 30. Rf3 Rg6 31. R1f2 Kc8 32. Kf1 Kd7 33. e5 Ke8 34. Nd6+ Kf8 35. Ne4 Bxa5 36. Nxc5 Bc8 37. Nc4 Bc7 38. Rxf6+ Rxf6 39. Rxf6+ Rf7 40. Rxf7+ Kxf7 41. Ne4 Ke6 42. Nxg5+ Kd5 43. Nf3 b5 44. Ne3+ Kc5 45. Ke2 a5 46. c3 Be6 47. d4+ Kb6 48. c4 a4 49. bxa4 bxc4 50. Kd2 Ka6 51. Nxh4 Ba5+ 52. Kc2 Bb4 53. Nhf5 Ka5 54. Nd6 c3 55. Ne4 Kxa4 56. Nxc3+ Ka5 57. Kd3 Bg8 58. g4 Kb6 59. Ne4 Be1 60. Nf5 Kc7 61. h4 Ba2 62. h5 1-0

[Event "1st Chartres GM 2020"]
[Site "Chartres"]
[Date "2020.10.03"]
[Round "8.1"]
[White "Duboue, Peio"]
[Black "Maurizzi, Marc Andria"]
[Result "0-1"]
[ECO "B22"]
[WhiteElo "2439"]
[BlackElo "2433"]
[Annotator "ChessBase"]
[PlyCount "104"]
[EventDate "2020.09.30"]
[EventType "tourn"]
[EventCountry "FRA"]
[SourceTitle "playchess.com"]
[Source "ChessBase"]
[SourceQuality "1"]
[TimeControl "5400+30"]

1. e4 c5 2. c3 Nf6 3. e5 Nd5 4. d4 cxd4 5. Nf3 Nc6 6. cxd4 g6 7. h4 h6 8. Qb3 e6 9. Nbd2 d6 10. Nc4 dxe5 11. dxe5 Bb4+ 12. Bd2 Bxd2+ 13. Ncxd2 O-O 14. O-O-O a5 15. Ne4 a4 16. Qc2 a3 17. b3 Bd7 18. Kb1 Kg7 19. h5 Ncb4 20. Qd2 g5 21. Rh3 Rc8 22. Bc4 b5 23. Bxd5 exd5 24. Nd6 Bxh3 25. gxh3 Nc6 26. h4 f6 27. Qd3 Rc7 28. Nxb5 Rb7 29. Nd6 Rc7 30. Qg6+ Kh8 31. Rxd5 Qe7 32. Qxh6+ Qh7+ 33. Qxh7+ Rxh7 34. exf6 Rxf6 35. Nxg5 Rxf2 36. Rc5 Re7 37. Nde4 Rb2+ 38. Kc1 Nb4 39. Rc8+ Kg7 40. Kd1 Rxa2 41. h6+ Kxh6 42. Rh8+ Kg6 43. h5+ Kf5 44. h6 Rd7+ 45. Ke1 Nd3+ 46. Kf1 Rc7 47. Rf8+ Kg4 48. Kg1 Rc1+ 49. Rf1 Raa1 50. Nd2 Rxf1+ 51. Nxf1 Rxf1+ 52. Kxf1 a2 0-1

[Event "1st Chartres GM 2020"]
[Site "Chartres"]
[Date "2020.10.03"]
[Round "8.3"]
[White "David, Alberto"]
[Black "Loiseau, Quentin"]
[Result "1-0"]
[ECO "B30"]
[WhiteElo "2520"]
[BlackElo "2457"]
[Annotator "ChessBase"]
[PlyCount "25"]
[EventDate "2020.09.30"]
[EventType "tourn"]
[EventCountry "FRA"]
[SourceTitle "playchess.com"]
[Source "ChessBase"]
[SourceQuality "1"]
[TimeControl "5400+30"]

1. e4 c5 2. Nf3 Nc6 3. Bb5 e6 4. O-O Nge7 5. Re1 Nd4 6. Nxd4 cxd4 7. c3 a6 8. Bf1 Nc6 9. d3 Bc5 10. Nd2 Qf6 11. e5 Nxe5 12. Ne4 Qe7 13. Qh5 1-0

[Event "1st Chartres GM 2020"]
[Site "Chartres"]
[Date "2020.10.03"]
[Round "8.5"]
[White "Guliyev, Namig"]
[Black "Stephan, Victor"]
[Result "1/2-1/2"]
[ECO "B84"]
[WhiteElo "2529"]
[BlackElo "2439"]
[Annotator "ChessBase"]
[PlyCount "72"]
[EventDate "2020.09.30"]
[EventType "tourn"]
[EventCountry "FRA"]
[SourceTitle "playchess.com"]
[Source "ChessBase"]
[SourceQuality "1"]
[TimeControl "5400+30"]

1. e4 c5 2. Nf3 Nf6 3. Nc3 d6 4. d4 cxd4 5. Nxd4 a6 6. Be2 e6 7. Be3 Nbd7 8. a4 b6 9. f4 Bb7 10. Bf3 Qc7 11. Qe2 Be7 12. g4 Nc5 13. Bd2 h6 14. g5 hxg5 15. fxg5 Ng8 16. O-O-O g6 17. Kb1 Bf8 18. h4 Bg7 19. Bc1 O-O-O 20. h5 gxh5 21. Bxh5 Ne7 22. Rhf1 Ng6 23. b4 Nd7 24. Ndb5 axb5 25. Nxb5 Ba6 26. Rxf7 Bxb5 27. Qxb5 Be5 28. Be2 Rdf8 29. Rdf1 Rxf7 30. Rxf7 Rh2 31. Qa6+ Kb8 32. Rxd7 Qxd7 33. Qxb6+ Qb7 34. Qd8+ Qc8 35. Qb6+ Qb7 36. Qd8+ Qc8 1/2-1/2

[Event "1st Chartres GM 2020"]
[Site "Chartres"]
[Date "2020.10.04"]
[Round "9.2"]
[White "Dardha, Daniel"]
[Black "David, Alberto"]
[Result "1/2-1/2"]
[ECO "A48"]
[WhiteElo "2468"]
[BlackElo "2520"]
[Annotator "ChessBase"]
[PlyCount "40"]
[EventDate "2020.09.30"]
[EventType "tourn"]
[EventCountry "FRA"]
[SourceTitle "playchess.com"]
[Source "ChessBase"]
[SourceQuality "1"]
[TimeControl "5400+30"]

1. d4 Nf6 2. Nf3 b6 3. Bf4 Bb7 4. e3 g6 5. Nbd2 Bg7 6. h3 d6 7. Be2 O-O 8. O-O Nbd7 9. a4 a6 10. c3 c5 11. Bh2 Ra7 12. Re1 Qa8 13. Bf1 Ne4 14. Qb3 Nxd2 15. Nxd2 Bc6 16. Ra3 Rc7 17. Qc4 Ra7 18. Qd3 b5 19. axb5 axb5 20. Rea1 Rxa3 1/2-1/2

[Event "1st Chartres GM 2020"]
[Site "Chartres"]
[Date "2020.10.04"]
[Round "9.4"]
[White "Fedorchuk, Sergey A."]
[Black "Vlachos, Anatole"]
[Result "1-0"]
[ECO "B70"]
[WhiteElo "2615"]
[BlackElo "2437"]
[Annotator "ChessBase"]
[PlyCount "41"]
[EventDate "2020.09.30"]
[EventType "tourn"]
[EventCountry "FRA"]
[SourceTitle "playchess.com"]
[Source "ChessBase"]
[SourceQuality "1"]
[TimeControl "5400+30"]

1. e4 c5 2. Nf3 d6 3. d4 cxd4 4. Nxd4 Nf6 5. Nc3 g6 6. Be3 a6 7. Be2 Bg7 8. Qd2 b5 9. Bf3 e5 10. Nf5 Bf8 11. O-O-O d5 12. Nxd5 Nxd5 13. Qxd5 Qxd5 14. Rxd5 gxf5 15. Rxe5+ Kd7 16. Rxf5 Nc6 17. e5 Bb7 18. Rxf7+ Be7 19. Rd1+ Ke8 20. Bh5 Nxe5 21. Rxh7+ 1-0

[Event "1st Chartres GM 2020"]
[Site "Chartres"]
[Date "2020.10.04"]
[Round "9.5"]
[White "Loiseau, Quentin"]
[Black "Duboue, Peio"]
[Result "1-0"]
[ECO "C70"]
[WhiteElo "2457"]
[BlackElo "2439"]
[Annotator "ChessBase"]
[PlyCount "87"]
[EventDate "2020.09.30"]
[EventType "tourn"]
[EventCountry "FRA"]
[SourceTitle "playchess.com"]
[Source "ChessBase"]
[SourceQuality "1"]
[TimeControl "5400+30"]

1. e4 e5 2. Nf3 Nc6 3. Bb5 g6 4. c3 a6 5. Ba4 Bg7 6. d4 exd4 7. cxd4 b5 8. Bc2 Nge7 9. d5 Na5 10. Bd2 c5 11. Bc3 O-O 12. h4 h5 13. Bxg7 Kxg7 14. b4 cxb4 15. Qd4+ Kg8 16. Qd2 Re8 17. O-O Kg7 18. Qd4+ Kg8 19. e5 Bb7 20. d6 Bxf3 21. dxe7 Qc7 22. Nd2 Qxc2 23. Nxf3 Qf5 24. Qd2 Kg7 25. Rae1 Nc6 26. Qd6 Qe6 27. Ng5 Qxe7 28. Qd5 Rac8 29. f4 Nd8 30. Rf2 Qc5 31. Qxd7 Re7 32. Qd1 Rec7 33. e6 f6 34. Ne4 Qb6 35. Qd6 Rb7 36. Nxf6 Rc6 37. Nxh5+ Kg8 38. Nf6+ Kg7 39. Nh5+ Kg8 40. Qd3 Rxe6 41. Rxe6 Nxe6 42. Qxg6+ Ng7 43. Nf6+ Kf8 44. Nd7+ 1-0